 Dungeon Crawl Stone Soup version 0.26-b1-32-g5d43845318 (webtiles) character file.

Game seed: 5695371137622064607

2004 Borgoz the Skirmisher (level 9, -1/78 HPs)
             Began as a Ghoul Gladiator on Jan 13, 2021.
             Was an Initiate of Ashenzari.
             Slain by a gnoll sergeant
             ... wielding a cursed +0 trident
              (6 damage)
             ... on level 8 of the Dungeon.
             The game lasted 00:07:34 (8274 turns).

Borgoz the Skirmisher (Ghoul Gladiator)             Turns: 8274, Time: 00:07:35

Health: -1/78      AC:  8    Str: 18    XL:     9   Next: 22%
Magic:  0/8        EV: 15    Int:  3    God:    Ashenzari [......]
Gold:   334        SH:  0    Dex: 13    Spells: 8/8 levels left

rFire    . . .     SeeInvis +   g - +1 flail (drain)
rCold    + . .     Faith    .   (no shield)
rNeg     + + +     Spirit   +   b - +0 leather armour
rPois    ∞         Reflect  .   G - +2 helmet
rElec    .         Harm     .   D - +0 cloak
rCorr    .         Rampage  .   (no gloves)
Will     .....                  (no boots)
Stlth    +.........             q - amulet of guardian spirit
HPRegen  0.00/turn              A - ring of see invisible
MPRegen  0.11/turn              (no ring)

@: no status effects
A: claws 1, cold resistance 1, negative energy resistance 3, inhibited
regeneration, torment resistance, unbreathing
a: Renounce Religion, Curse Item


You were on level 8 of the Dungeon.
You worshipped Ashenzari.
Ashenzari was noncommittal.
You visited 2 branches of the dungeon, and saw 9 of its levels.

You collected 334 gold pieces.

Inventory:

Hand Weapons
 g - a +1 flail of draining (weapon)
Missiles
 d - 4 throwing nets (quivered)
Armour
 b - a +0 leather armour (worn)
 D - a +0 cloak (worn)
 G - a +2 helmet (worn)
Jewellery
 q - an amulet of guardian spirit (around neck)
 A - a ring of see invisible (left claw)
Wands
 t - a wand of flame (33)
 y - a wand of disintegration (9)
 B - a wand of iceblast (9)
Scrolls
 a - 5 scrolls of teleportation
 i - 4 scrolls of remove curse
 j - 2 scrolls of blinking {unknown}
 k - 2 scrolls of identify {unknown}
 o - 2 scrolls of magic mapping
 p - a scroll of enchant armour
 v - a scroll of fog
Potions
 e - 5 potions of brilliance {unknown}
 f - 6 potions of flight {unknown}
 h - a potion of ambrosia {unknown}
 l - a potion of resistance {unknown}
 m - a potion of berserk rage {unknown}
 r - 5 potions of curing {unknown}
 s - a potion of attraction {unknown}
 u - a potion of might {unknown}
 w - 3 potions of heal wounds {unknown}
 x - a potion of invisibility {unknown}
 E - a potion of magic {unknown}


   Skills:
 + Level 6.7 Fighting
 + Level 6.0 Maces & Flails
 - Level 1.7 Throwing
 + Level 5.2 Armour
 + Level 6.0 Dodging


You had 8 spell levels left.
You didn't know any spells.
Your spell library contained the following spells:

 Spells                   Type           Power        Failure   Level
 Foxfire                  Conj/Fire      0%           56%         1
 Conjure Flame            Conj/Fire      0%           91%         3
 Inner Flame              Hex/Fire       0%           91%         3
 Sticky Flame             Conj/Fire      0%           100%        4
 Fireball                 Conj/Fire      0%           100%        5


Dungeon Overview and Level Annotations

Branches:
Dungeon (8/15)             Temple (1/1) D:6
   Lair: D:8-11

Altars:
Ashenzari
Cheibriados
Dithmenos
Elyvilon
Fedhas
Gozag
Hepliaklqana
Kikubaaqudgha
Makhleb
Nemelex Xobeh
Okawaru
Ru
Sif Muna
Trog
Uskayaw
Vehumet
Wu Jian
Xom
Zin
The Shining One


Innate Abilities, Weirdness & Mutations

You thrive by killing the living.
You are immune to poison.
You have sharp fingernails.
Your flesh is cold resistant. (rC+)
You are immune to negative energy. (rN+++)
You do not regenerate when monsters are visible.
You are immune to unholy pain and torment.
You can survive without breathing.


Message History

You closely miss the gnoll sergeant.
The gnoll sergeant is moderately wounded.
The hound bites you but does no damage.
The goblin hits you from afar with a +0 spear.
* * * LOW HITPOINT WARNING * * *
The hound barely misses you.
The gnoll sergeant hits you with a cursed +0 trident!
* * * LOW HITPOINT WARNING * * *
You hit the gnoll sergeant. You drain the gnoll sergeant.
The gnoll sergeant is heavily wounded.
The goblin closely misses you. The hound bites you but does no damage.
The gnoll sergeant closely misses you. The goblin hits you but does no damage.
You barely miss the gnoll sergeant.
The gnoll sergeant is heavily wounded.
The hound bites you.
* * * LOW HITPOINT WARNING * * *
The hound closely misses you. The goblin completely misses you.
A goblin comes into view. It is wielding a +0 spear.
The gnoll sergeant hits you with a cursed +0 trident!
You die...

*#.......#*,,,****Z,,**,,,
#.......#*,,,,##.,,,**,,,
*#.....>#**,,...,,,**,,,,
##...#?##**#.#******,,,,
#...#?.###..# **,,,,
##.##......## **,,,,,
###........#****,,,,,,
#..hg##......,,,****
##..@##*,.....,,*****
#....#**,,.###*****,,
*#.g..#*,,,*#******,,,
#....##*,8,*,,,,,,*,,,
*******#....# *,,,*≈≈≈≈≈≈,,,,
**,,,,,......# *,,,,,,,,,,,,,,
*,,,,,g......#**,,,,,,,,,,,,,,
#.≈≈≈≈g≈≈...##*,,,,*≈≈≈≈≈≈,,,,
#.≈##.##≈...# *,,8,*,,,,,,*,,,


You could see a gnoll sergeant (drained), a hound and 3 goblins.

Vanquished Creatures
  An orc warrior (D:6)
  3 ice beasts (D:6)
  3 sky beasts (D:6)
  2 phantoms
  3 ogres
  2 centaurs
  A big kobold (D:7)
  Blork the orc (D:4)
  A scorpion (D:7)
  A bullfrog zombie (D:6)
  3 bullfrog skeletons
  A jelly (D:5)
  2 orc wizards
  A hound (D:7)
  Jessica (D:2)
  2 iguanas
  2 worker ants
  A hound zombie (D:6)
  A hound skeleton (D:4)
  6 adders
  A shadow imp (D:7)
  2 ufetubi (D:6)
  2 oozes
  An adder zombie (D:7)
  4 worms
  2 dart slugs (D:3)
  5 leopard geckos
  11 orcs
  5 bats
  3 giant cockroaches
  4 hobgoblins
  2 jackals (D:3)
  15 kobolds
  2 quokkas (D:4)
  8 frilled lizards
  11 goblins
  A jackal zombie (D:6)
  A leopard gecko skeleton (D:8)
  9 rats
127 creatures vanquished.

Notes
Turn   | Place    | Note
-------+----------+-------------------------------------------
     0 | D:1      | Borgoz the Ghoul Gladiator began the quest for the Orb.
     0 | D:1      | Reached XP level 1. HP: 17/17 MP: 0/0
    62 | D:1      | Reached XP level 2. HP: 25/25 MP: 1/1
   571 | D:1      | Reached skill level 1 in Armour
   571 | D:1      | Reached XP level 3. HP: 30/30 MP: 2/2
  1468 | D:2      | Noticed Jessica
  1488 | D:2      | Killed Jessica
  1489 | D:2      | Reached XP level 4. HP: 27/38 MP: 3/3
  1588 | D:2      | Found a faded altar of an unknown god.
  2738 | D:3      | Reached XP level 5. HP: 43/45 MP: 4/4
  2767 | D:3      | Found a white marble altar of Elyvilon.
  2801 | D:3      | Found an opulent altar of Gozag.
  3674 | D:4      | Noticed an ogre
  3682 | D:4      | Killed an ogre
  3683 | D:4      | Reached XP level 6. HP: 9/52 MP: 1/5
  3973 | D:4      | Found a blossoming altar of Fedhas.
  4070 | D:4      | Noticed a phantom
  4168 | D:4      | Found a broken altar of Ashenzari.
  4195 | D:4      | Noticed Blork the orc
  4208 | D:4      | Killed Blork the orc
  4209 | D:4      | Reached XP level 7. HP: 59/60 MP: 4/6
  4632 | D:5      | Entered Level 5 of the Dungeon
  4804 | D:5      | Found a hazy altar of Hepliaklqana.
  5145 | D:6      | You fall into a shaft and drop 1 floor!
  5386 | D:7      | Found a broken altar of Ashenzari.
  5386 | D:7      | Found an ancient bone altar of Kikubaaqudgha.
  5588 | D:6      | Found a staircase to the Ecumenical Temple.
  5592 | D:6      | Reached skill level 5 in Fighting
  5617 | D:6      | Reached XP level 8. HP: 68/68 MP: 7/7
  5666 | Temple   | Entered the Ecumenical Temple
  5870 | D:7      | Became a worshipper of Ashenzari the Shackled
  6039 | D:6      | Reached skill level 5 in Maces & Flails
  6039 | D:6      | Reached skill level 5 in Dodging
  7114 | D:6      | Reached XP level 9. HP: 77/78 MP: 8/8
  7431 | D:7      | Reached skill level 5 in Armour
  8274 | D:8      | Slain by a gnoll sergeant

Illustrated notes

Levels and vault maps discovered:
D:1:      psy_arrival_dodecagon, layout_basic, serial_bayou_pond_a,
          minmay_surrounded
D:2:      layout_basic, chequers_ecumenical_altar_island, uniq_jessica
D:3:      layout_basic, elyvilon_altar_4, overflow_temple_1_default
D:4:      layout_cave_pods, lemuel_crystal_altar, minmay_ruined_shrine,
          uniq_blork_the_orc
D:5:      layout_basic, lemuel_crystal_altar, minmay_splitting_lines,
          minmay_misc_feat_ornament
D:6:      layout_cave_pods, minmay_temple_entry_mist
D:7:      layout_basic, gammafunk_temple_overflow_wave
D:8:      layout_cave_pods, serial_gnoll_camp, gnoll_camp_huts_basic,
          gnoll_camp_mini_hut, gnoll_camp_medium_01, gnoll_camp_mini_hut,
          serial_shops, shop, enter_bailey_3
Temple:   jpeg_temple_clearing

Skill      XL: |  1  2  3  4  5  6  7  8  9 |
---------------+----------------------------+-----
Maces & Flails | 3 4 5 6 |  6.0
Armour         | 1 2 3 4 5 |  5.2
Dodging        | 3 4 5 6 |  6.0
Fighting       | 3 4 5 6 |  6.7
Throwing       | |  1.7

Action                   |  1- 3 |  4- 6 |  7- 9 || total
-------------------------+-------+-------+-------++-------
Melee: Flail             |    59 |   102 |   240 ||   401
       Whip              |   132 |   116 |       ||   248
Throw: Throwing net      |     1 |     1 |       ||     2
  Use: Scroll            |     1 |     1 |     6 ||     8
 Stab: Held in net/web   |     1 |       |       ||     1
       Sleeping          |     1 |       |       ||     1
Armor: Leather armour    |    58 |    88 |    64 ||   210
Dodge: Dodged            |   116 |   166 |   188 ||   470
